 Dungeon Crawl Stone Soup version 0.17.1-3-g152610e (webtiles) character file.

15898 braveplatypus the Cleaver (level 12, -12/92 HPs)
             Began as a Formicid Abyssal Knight on Apr 25, 2016.
             Was a Priest of Lugonu.
             Mangled by a draconian simulacrum (18 damage)
             ... in an ice cave.
             The game lasted 00:33:10 (17411 turns).

braveplatypus the Cleaver (FoAK)                   Turns: 17411, Time: 00:33:10

Health: -12/92     AC: 23    Str: 21    XL:     12   Next: 63%
Magic:  15/18      EV: 17    Int: 14    God:    Lugonu [***...]
Gold:   832        SH:  5    Dex: 17    Spells: 0 memorised, 11 levels left

rFire  + . .     SeeInvis +     Z - +0 battleaxe
rCold  . . .     Clarity  .     e - +7 chain mail of the Imp {rF+ rN+ MR+++ Dex-2}
rNeg   + + .     SustAt   .     k - +0 buckler
rPois  +         Gourm    .     (helmet unavailable)
rElec  .         Spirit   .     E - +0 cloak
rCorr  .         Warding  .     (no gloves)
rMut   .         Stasis   +     y - +2 pair of boots
MR     ++++.                    (no amulet)
Stlth  ..........               A - ring of poison resistance
                                X - ring of positive energy

@: mighty, agile, incredibly resistant to hostile enchantments, extremely
unstealthy
A: permanent stasis, dig shafts and tunnels, four strong arms, antennae 3
a: Dig, Shaft Self, Depart the Abyss, Bend Space, Banish, Renounce Religion


You were in an ice cave.
You worshipped Lugonu.
Lugonu was most pleased with you.
You were not hungry.

You visited 3 branches of the dungeon, and saw 13 of its levels.
You visited the Abyss 1 time.
You also visited: Ice Cave.

You collected 832 gold pieces.

Inventory:

Hand Weapons
 Z - a +0 battleaxe (weapon)
Armour
 e - the +7 chain mail of the Imp (worn) {rF+ rN+ MR+++ Dex-2}
   (You found it on level 2 of the Abyss)

   It affects your dexterity (-2).
   It protects you from fire.
   It protects you from negative energy.
   It affects your resistance to hostile enchantments.
 k - a +0 buckler (worn)
 y - a +2 pair of boots (worn)
 E - a +0 cloak (worn)
Jewellery
 A - a ring of poison resistance (right hand)
 F - an uncursed ring of protection from fire
 X - a ring of positive energy (left hand)
Wands
 I - a wand of digging (15)
 W - a wand of digging (12)
Scrolls
 f - a scroll of enchant weapon
 j - a scroll of remove curse
 s - 5 scrolls of recharging
 B - a scroll of magic mapping
 K - 2 scrolls of fog
Potions
 d - 3 potions of cancellation
 l - 2 potions of brilliance
 n - a potion of magic
 o - a potion of invisibility
 z - a potion of agility
 C - a potion of poison
Comestibles
 c - 6 bread rations
 q - 8 meat rations
 T - 4 royal jellies


   Skills:
 - Level 8.0 Fighting
 + Level 12.8 Axes
 - Level 9.0 Armour
 + Level 7.3 Dodging
 - Level 4.0 Shields
 - Level 8.0 Invocations


You had 11 spell levels left.
You didn't know any spells.

Dungeon Overview and Level Annotations

Branches:
Dungeon (11/15)            Temple (0/1) D:7            Lair (1/8) D:11
    Orc (1/4) D:11

Altars:
Ashenzari
Cheibriados
Dithmenos
Elyvilon
Fedhas
Gozag
Kikubaaqudgha
Nemelex Xobeh
Okawaru
Ru
Sif Muna
Vehumet
Yredelemnul
The Shining One

Annotations:
D:3 Rekenzichi's ghost, amateur DsGl
Abyss:1 Nergalle IceCv exclusion: ice statue


Innate Abilities, Weirdness & Mutations

You are under a permanent stasis effect.
You can dig through walls and to a lower floor.
Your four strong arms can wield two-handed weapons with a shield.
You have a pair of large antennae on your head (SInv).


Message History

The white imp gestures at you. The puff of frost hits you!
You slice the white imp!!
You kill the white imp!
Lugonu accepts your kill.
You slash the white imp!
You kill the white imp!
Lugonu accepts your kill.
You slash the white imp!
You kill the white imp!
Lugonu accepts your kill.
You start resting.
You hit the draconian simulacrum. You hit the draconian simulacrum.
The draconian simulacrum hits you but does no damage.
You barely miss the draconian simulacrum.
The draconian simulacrum hits you!
* * * LOW HITPOINT WARNING * * *
The draconian simulacrum freezes you!!
You die...

#...§8.# {{ .....
##..§.§§# {{ .....
#..#§§§.# {{
ZZ55Z. ##.##....#
{{ {{Z{..
##..##......
#####8{{Z.. #..##
#....###..#{.ZZ{..
##..#
##.###Z..#{{{{5Z.
##.##
####..#..5{#{
#..## #@#{Z.#...##
##..# ##Z#..##{##
##.## ####..###
##### #..#
######..## ##...##
##.## #[[# ##..#
#.....# #..#
#.[###..####..#..#
#..# ##...#..##
#..##... #.##
#......##
##.####..
#..####......#
##..# ##.


You could see a draconian simulacrum.

Vanquished Creatures
  Erica (D:11)
  Pikel (D:6)
  Maurice (D:11)
  A gargoyle (D:11)
  2 centaur skeletons
  4 freezing wraiths (IceCv)
  2 trolls (D:11)
  A deep elf mage (D:11)
  3 wraiths
  A water elemental (D:11)
  2 hungry ghosts
  2 hippogriffs
  A warg (D:11)
  5 wolves
  2 water moccasins (D:11)
  6 ice beasts (IceCv)
  3 phantoms
  3 sky beasts
  6 orc warriors
  2 necrophages
  3 slaves (D:6)
  8 ogres
  10 centaurs
  A big kobold (D:9)
  2 crocodiles
  9 giant frogs
  A water moccasin skeleton (D:11)
  2 scorpions
  15 killer bees
  2 electric eels (D:11)
  7 wights
  6 jellies (D:10)
  4 giant frog zombies
  8 hounds
  4 crimson imps
  14 orc wizards
  A gnoll shaman (D:7)
  Crazy Yiuf (D:5)
  A giant frog skeleton (D:7)
  7 orc priests
  6 human zombies (D:7)
  A human skeleton (D:7)
  An iguana (D:4)
  8 worker ants
  A killer bee zombie (D:9)
  A mummy (D:7)
  2 hound zombies
  A hound skeleton (D:6)
  4 worker ant zombies
  16 adders
  3 gnolls (D:7)
  2 shadow imps
  20 white imps
  5 oozes (D:10)
  An adder skeleton (D:7)
  2 worms
  10 giant geckos
  68 orcs
  8 bats
  6 giant cockroaches
  8 goblins
  12 hobgoblins
  17 jackals
  11 kobolds
  3 quokkas
  A giant cockroach zombie (D:6)
  2 giant gecko skeletons
  9 giant newts
  A jackal zombie (D:7)
  An orc skeleton (D:7)
  A quokka skeleton (D:4)
  8 rats
395 creatures vanquished.

Vanquished Creatures (others)
  A centaur warrior (D:11)
  A hill giant (D:10)
  A cyclops (D:11)
  An efreet (D:11)
  6 freezing wraiths (IceCv)
  A troll (D:8)
  An alligator simulacrum (IceCv)
  2 orc warriors
  An electric eel (D:7)
  An orc wizard (D:8)
  A wolf simulacrum (IceCv)
  2 polar bear simulacra (IceCv)
  A bush (D:4)
20 creatures vanquished.

Grand Total: 415 creatures vanquished

Notes
Turn   | Place    | Note
--------------------------------------------------------------
     0 | Abyss:1  | braveplatypus the Formicid Abyssal Knight began the quest for the Orb.
     0 | Abyss:1  | Reached XP level 1. HP: 18/18 MP: 2/2
     6 | Abyss:1  | Found a corrupted altar of Lugonu.
    33 | Abyss:2  | Got a bronze chain mail
    44 | Abyss:2  | Identified the +7 chain mail of the Imp {rF+ rN+ MR+++ Dex-2} (You found it on level 2 of the Abyss)
    81 | Abyss:3  | Noticed a freezing wraith
    81 | Abyss:3  | Noticed a ynoxinul
    82 | D:1      | Escaped the Abyss
   142 | D:1      | Reached XP level 2. HP: 22/24 MP: 3/3
   245 | D:1      | Reached * piety under Lugonu
   415 | D:1      | Reached XP level 3. HP: 30/30 MP: 4/4
   506 | D:1      | Found a sparkling altar of Nemelex Xobeh.
   631 | D:1      | Reached skill level 4 in Fighting
  1234 | D:2      | Found an ancient bone altar of Kikubaaqudgha.
  1242 | D:2      | Found a deep blue altar of Sif Muna.
  1285 | D:2      | Reached XP level 4. HP: 27/37 MP: 5/5
  2036 | D:3      | Reached ** piety under Lugonu
  2093 | D:3      | Reached XP level 5. HP: 32/42 MP: 6/6
  2118 | D:3      | Noticed Rekenzichi's ghost (amateur DsGl)
  3132 | D:3      | Found an iron altar of Okawaru.
  3186 | D:3      | Found a blossoming altar of Fedhas.
  3614 | D:4      | Reached XP level 6. HP: 40/48 MP: 7/7
  3952 | D:4      | Reached skill level 5 in Axes
  4054 | D:4      | Reached *** piety under Lugonu
  4223 | D:4      | Found an opulent altar of Gozag.
  4562 | D:4      | Reached XP level 7. HP: 49/54 MP: 8/8
  4644 | D:4      | Found a shattered altar of Ashenzari.
  4716 | D:4      | Noticed a centaur
  4788 | D:4      | Found a blossoming altar of Fedhas.
  4805 | D:4      | Killed a centaur
  5219 | D:5      | Entered Level 5 of the Dungeon
  5234 | D:5      | Reached skill level 6 in Axes
  5234 | D:5      | Reached skill level 5 in Armour
  6093 | D:5      | Reached XP level 8. HP: 59/61 MP: 9/9
  6141 | D:5      | Reached skill level 5 in Fighting
  6365 | D:5      | Found a shadowy altar of Dithmenos.
  6384 | D:5      | Reached skill level 7 in Axes
  6509 | D:5      | Noticed Crazy Yiuf
  6521 | D:5      | Killed Crazy Yiuf
  6661 | D:6      | Found a glowing golden altar of the Shining One.
  7002 | D:6      | Noticed Pikel
  7021 | D:6      | Killed Pikel
  7021 | D:6      | Reached skill level 8 in Axes
  7021 | D:6      | Reached XP level 9. HP: 46/72 MP: 10/10
  7587 | D:7      | Found a sacrificial altar of Ru.
  7714 | D:7      | Reached skill level 9 in Axes
  7787 | D:7      | Reached **** piety under Lugonu
  7827 | D:7      | Found a basalt altar of Yredelemnul.
  8747 | D:7      | Found a radiant altar of Vehumet.
  8766 | D:7      | Reached skill level 5 in Invocations
  8766 | D:7      | Reached XP level 10. HP: 47/80 MP: 13/13
  8789 | D:7      | Reached skill level 1 in Shields
  9064 | D:7      | Found a staircase to the Ecumenical Temple.
  9364 | D:8      | Reached skill level 10 in Axes
 10387 | D:8      | Reached skill level 1 in Dodging
 10724 | D:9      | Found a white marble altar of Elyvilon.
 11393 | D:9      | Found a snail-covered altar of Cheibriados.
 11628 | D:10     | Entered Level 10 of the Dungeon
 11770 | D:10     | Found a blossoming altar of Fedhas.
 11859 | D:10     | Reached ***** piety under Lugonu
 11972 | D:10     | Noticed a hill giant
 11976 | D:10     | Banished a hill giant
 11976 | D:10     | Reached skill level 11 in Axes
 11976 | D:10     | Reached XP level 11. HP: 81/86 MP: 15/15
 13221 | D:11     | Found a staircase to the Orcish Mines.
 13320 | D:11     | Found a staircase to the Lair.
 13330 | D:11     | Noticed Maurice
 13342 | D:11     | Killed Maurice
 13358 | D:11     | Noticed Erica
 13587 | D:11     | Reached skill level 5 in Dodging
 13606 | D:11     | Killed Erica
 14160 | D:11     | Reached skill level 12 in Axes
 14776 | D:11     | Reached XP level 12. HP: 87/92 MP: 16/16
 15028 | D:11     | Noticed Nergalle
 15030 | D:11     | Banished Nergalle
 15153 | Lair:1   | Entered Level 1 of the Lair of Beasts
 15326 | Orc:1    | Entered Level 1 of the Orcish Mines
 15371 | D:11     | Noticed a centaur warrior
 15372 | D:11     | Banished a centaur warrior
 15800 | Orc:1    | Found a frozen archway.
 15842 | IceCv    | Entered an ice cave
 17341 | IceCv    | Found an ancient bone altar of Kikubaaqudgha.
 17384 | IceCv    | Gained mutation: Your flesh is cold resistant. [potion of mutation]
 17384 | IceCv    | Gained mutation: Your body sometimes deteriorates upon taking damage. [potion of mutation]
 17387 | IceCv    | Lost mutation: Your body sometimes deteriorates upon taking damage. [potion of cure mutation]
 17387 | IceCv    | Lost mutation: Your flesh is cold resistant. [potion of cure mutation]
 17411 | IceCv    | Mangled by a draconian simulacrum

Action                   |  1- 3 |  4- 6 |  7- 9 | 10-12 || total
-------------------------+-------+-------+-------+-------++-------
Melee: Hand axe          |   152 |   301 |   274 |       ||   727
       War axe           |       |       |   231 |   680 ||   911
       Battleaxe         |       |       |       |   249 ||   249
Invok: Depart the Abyss  |     1 |       |       |       ||     1
       Banish            |       |       |     2 |    30 ||    32
       Bend Space        |       |       |       |     5 ||     5
 Abil: Dig               |       |       |       |     7 ||     7
  Use: Scroll            |       |       |    17 |     8 ||    25
       Potion            |       |       |     1 |    16 ||    17
 Stab: Invisible         |       |       |       |     2 ||     2
  Eat: Chunk             |     2 |    10 |    12 |    38 ||    62
       Beef jerky        |       |       |     1 |       ||     1
       Fruit             |       |       |       |     4 ||     4
       Royal jelly       |       |       |       |     7 ||     7
